Map: Habitation Station LE (Void)

Players

PSiArc

  • Race: Terran Terran
  • League: Master
  • Spawn Location: 1:00

TYTY (TY) - Winner!

  • Race: Terran Terran
  • League: Diamond
  • Spawn Location: 11:00

Event: WESG 2016 Finals

VOD

Have the link to the VOD?

Description

Time

  • Played on: Jan. 13, 2017, 3:48 a.m.
  • Length: 12:13

All games in this series

Show
View Real Time Build Order
Export as new Build Order

PSiArc Terran 

Build Orders: 1/1/1, Cyclone Opening, MMM Bio 

Get SALT Encoding   

  12  0:00  SCV  
  13  0:13  SCV  
  14  0:17  Supply Depot  
  14  0:25  SCV  
  15  0:30  Refinery  
  15  0:39  SCV  
  16  0:44  Barracks  
  16  0:51  SCV  
  16  0:55  Refinery  
  17  1:03  SCV  
  18  1:15  SCV  
  19  1:31  Orbital Command, Barracks Reactor  
  19  1:35  Factory  
  19  1:43  Supply Depot  
  19  1:56  SCV  
  20  2:07  Marine x2  
  22  2:08  SCV  
  23  2:18  Cyclone  
  23  2:21  Starport  
  26  2:26  Marine  
  26  2:28  Marine  
  28  2:34  Supply Depot  
  28  2:40  SCV  
  29  2:44  Marine  
  29  2:46  Marine  
  31  2:55  Cyclone  
  31  2:58  Medivac  
  36  3:04  Supply Depot  
  36  3:09  SCV  
  37  3:21  Marine x2  
  37  3:26  SCV  
  40  3:28  Medivac  
  40  3:31  Factory Tech Lab  
  42  3:38  SCV  
  42  3:39  Supply Depot  
  43  3:46  Marine x2  
  44  4:03  Siege Tank  
  47  4:11  SCV  
  47  4:16  Command Center  
  47  4:23  SCV  
  48  4:26  Starport Reactor  
  46  4:38  Barracks Tech Lab  
  46  4:44  Barracks  
  39  4:55  SCV  
  39  4:57  Engineering Bay  
  40  5:03  Viking x2  
  44  5:09  Stimpack  
  44  5:15  SCV  
  45  5:23  Marine  
  45  5:27  Missile Turret  
  46  5:29  Orbital Command  
  46  5:39  Missile Turret  
  46  5:47  Marine x3  
  49  5:55  SCV x2  
  51  5:58  Siege Tank  
  54  6:07  Marine x2, SCV  
  57  6:13  Marine, SCV  
  57  6:15  Supply Depot  
  57  6:17  Terran Infantry Weapons Level 1  
  59  6:19  SCV  
  60  6:30  SCV  
  61  6:34  SCV  
  62  6:42  SCV  
  62  6:46  SCV  
  62  6:48  Siege Tank, Marine x3  
  62  6:51  Medivac  
  66  6:54  SCV  
  66  6:58  Supply Depot, Command Center, SCV  
  68  7:05  Marine  
  68  7:07  Barracks  
  69  7:10  Combat Shields, SCV  
  69  7:12  SCV  
  71  7:21  Marine  
  71  7:22  Siege Tank, Marine, SCV  
  77  7:30  Marine, SCV  
  77  7:34  SCV  
  79  7:39  Marine  
  79  7:40  Supply Depot, Marine  
  79  7:41  Supply Depot  
  81  7:47  Marine, Viking x2  
  86  8:01  Marine, SCV  
  86  8:03  Marine  
  86  8:05  Marine  
  82  8:16  SCV  
  82  8:18  SCV  
  82  8:19  Marine  
  68  8:21  Marine  
  68  8:23  Marine  
  62  8:28  Siege Tank, SCV  
  62  8:29  Medivac x2  
  62  8:30  SCV  
  71  8:37  Marine  
  71  8:38  Terran Infantry Armor Level 1  
  71  8:39  Marine  
  71  8:40  Refinery, SCV  
  71  8:41  Marine  
  74  8:42  Refinery  
  74  8:45  Barracks  
  75  8:50  SCV  
  75  8:51  Barracks Reactor  
  75  8:54  Marine  
  75  8:55  SCV  
  78  8:56  Marine  
  78  8:59  Marine  
  78  9:04  SCV  
  78  9:07  SCV  
  76  9:12  Marine  
  76  9:14  Marine  
  76  9:16  Marine  
  76  9:17  SCV  
  80  9:19  Siege Tank, SCV  
  84  9:29  SCV  
  84  9:30  Marine x3  
  87  9:31  SCV  
  87  9:32  Marine  
  87  9:34  Marine  
  87  9:41  SCV  
  87  9:42  Barracks  
  87  9:43  SCV  
  87  9:44  Orbital Command  
  89  9:48  Marine x3  
  89  9:50  Marine  
  89  9:52  Supply Depot, Marine  
  94  9:53  SCV  
  95  10:05  Marine  
  95  10:06  Marine  
  93  10:09  Marine x2  
  93  10:10  Siege Tank, Marine, SCV  
  93  10:11  Medivac x2, SCV  
  93  10:13  SCV  
  93  10:22  SCV  
  93  10:23  Marine x2  
  93  10:25  Barracks Reactor  
  93  10:26  SCV x2  
  93  10:27  Marine x2  
  100  10:30  Engineering Bay, Barracks Reactor  
  100  10:31  Armory  
  100  10:33  Marine  
  101  10:38  SCV  
  101  10:41  Marine x2  
  101  10:42  Medivac x2  
  108  10:45  Marine  
  108  10:46  Missile Turret  
  108  10:49  Missile Turret  
  109  10:53  Missile Turret  
  109  10:55  Marine x2  
  111  11:01  Marine x3  
  111  11:02  Siege Tank, Marine  
  113  11:07  Factory  
  113  11:10  Supply Depot  
  110  11:13  SCV  
  94  11:18  Marine x2  
  94  11:19  Marine x7  
  94  11:22  Medivac  
  94  11:23  Medivac  
  106  11:31  Refinery  
  106  11:33  Refinery  
  106  11:36  Marine x3  
  106  11:37  Marine x6  
  106  11:38  Siege Tank  
  117  11:54  Marine  
  117  11:55  Marine x2  
  117  12:00  Factory Tech Lab  
Show
View Real Time Build Order
Export as new Build Order

TYTY Terran - Winner!

Build Orders: 1/1/1, Cyclone Opening, Bio Tank 

Get SALT Encoding   

  12  0:00  SCV  
  13  0:12  SCV  
  14  0:17  Supply Depot  
  14  0:24  SCV  
  15  0:29  Refinery  
  15  0:39  SCV  
  16  0:44  Barracks  
  16  0:51  SCV  
  17  0:59  Refinery  
  17  1:03  SCV  
  18  1:15  SCV  
  19  1:31  Orbital Command  
  19  1:33  Factory  
  19  1:35  Reaper  
  20  1:45  Supply Depot  
  20  1:57  SCV  
  21  2:08  Reaper  
  22  2:09  SCV  
  23  2:18  Starport  
  23  2:22  Cyclone  
  26  2:24  SCV  
  26  2:29  Supply Depot  
  27  2:36  SCV  
  28  2:40  Barracks Tech Lab  
  28  2:50  SCV  
  31  2:59  Supply Depot  
  31  3:02  SCV  
  30  3:06  Raven  
  30  3:07  Marine  
  30  3:08  Hellion  
  35  3:14  SCV  
  35  3:23  Command Center  
  35  3:25  Marine  
  36  3:30  Factory Reactor  
  36  3:31  SCV  
  37  3:42  Marine  
  37  3:48  SCV  
  41  4:00  Marine, Banshee  
  41  4:02  SCV  
  44  4:15  Supply Depot  
  41  4:35  Cyclone, Marine, SCV  
  41  4:38  Orbital Command  
  46  4:47  SCV  
  44  4:59  SCV  
  45  5:04  SCV  
  45  5:06  Raven  
  47  5:11  SCV  
  47  5:12  Orbital Command  
  48  5:14  Marine  
  48  5:15  Marine  
  48  5:16  Factory Tech Lab  
  50  5:23  SCV  
  51  5:35  Command Center  
  53  5:36  Supply Depot  
  53  5:37  Siege Tank  
  53  5:39  Supply Depot  
  53  5:41  Refinery  
  54  5:53  Supply Depot  
  51  5:58  SCV x2  
  51  6:01  Supply Depot  
  53  6:05  Viking x2  
  53  6:06  Marine  
  53  6:10  SCV x2  
  53  6:11  Refinery  
  60  6:16  Supply Depot  
  60  6:18  Siege Tank  
  63  6:22  SCV x2  
  63  6:24  Marine  
  65  6:34  SCV x2  
  65  6:35  Viking  
  65  6:36  Viking  
  71  6:46  Marine, SCV  
  71  6:47  SCV  
  68  6:49  Orbital Command, Stimpack  
  68  6:58  SCV  
  69  7:04  Siege Tank, Marine, SCV  
  69  7:06  Viking  
  76  7:14  SCV  
  76  7:15  Viking  
  79  7:16  SCV  
  79  7:21  Marine  
  81  7:26  SCV  
  82  7:31  Supply Depot  
  82  7:36  Siege Tank, Viking  
  87  7:37  Orbital Command  
  87  7:39  Marine  
  87  7:41  SCV x2  
  90  7:45  Viking  
  89  7:53  SCV x2  
  89  7:57  Marine  
  92  8:01  Barracks  
  92  8:03  Barracks  
  87  8:14  Siege Tank  
  87  8:15  Marine  
  87  8:16  SCV x2  
  87  8:17  Viking  
  87  8:18  Viking  
  82  8:24  SCV  
  78  8:28  SCV x2  
  80  8:35  Marine  
  80  8:36  SCV  
  80  8:38  Engineering Bay  
  82  8:41  Engineering Bay  
  82  8:46  SCV  
  82  8:47  Siege Tank, SCV  
  82  8:48  SCV  
  88  8:49  Supply Depot, Viking  
  89  8:57  Barracks Reactor  
  89  8:58  Barracks Reactor  
  89  9:00  Combat Shields, SCV x2  
  89  9:02  SCV  
  90  9:05  Supply Depot  
  90  9:09  Terran Infantry Armor Level 1, Supply Depot, Terran Infantry Weapons Level 1  
  88  9:11  Marine  
  88  9:12  SCV x2  
  90  9:17  Refinery  
  90  9:20  Siege Tank  
  90  9:21  Barracks  
  90  9:22  Barracks, SCV  
  90  9:24  SCV  
  90  9:29  Viking  
  93  9:31  Marine  
  93  9:33  SCV  
  93  9:36  SCV  
  94  9:38  Refinery  
  94  9:41  Marine x2  
  94  9:42  Marine x2  
  98  9:46  SCV x2  
  98  9:49  Medivac, Marine  
  103  9:54  Siege Tank  
  103  9:58  Missile Turret  
  103  9:59  Medivac  
  106  10:04  SCV x2  
  103  10:09  Barracks Reactor  
  103  10:10  Barracks Reactor  
  103  10:13  Marine x5  
  107  10:20  Medivac  
  108  10:22  SCV x2  
  108  10:23  Armory  
  108  10:24  SCV  
  111  10:29  Siege Tank  
  111  10:30  Missile Turret  
  111  10:31  Marine x5  
  119  10:43  Medivac  
  119  10:44  SCV  
  119  10:45  Marine, SCV  
  119  10:46  Marine  
  119  10:47  Marine x2  
  119  10:48  Marine  
  128  10:51  Supply Depot  
  128  10:52  Supply Depot, Medivac  
  128  10:53  Marine x2  
  132  10:58  Sensor Tower  
  132  11:02  Marine  
  132  11:03  Marine  
  133  11:09  Marine  
  132  11:13  Medivac  
  132  11:15  Marine  
  132  11:16  Marine x2  
  130  11:20  Siege Tank  
  130  11:22  Marine  
  130  11:23  Marine x2  
  136  11:26  Marine x2  
  136  11:31  Marine  
  138  11:34  Marine x2  
  138  11:38  Command Center, Marine  
  141  11:40  Marine  
  149  12:09  Supply Depot  
  149  12:10  Supply Depot  
Tags
 
Add a new tag
Caveats
  • Supply blocks, unpowered buildings, or Contaminate may cause inaccurate times.
  • Supply counts are checked every 10 seconds.